 Dungeon Crawl Stone Soup version 0.22-a0-558-gc224181 (webtiles) character file.

191 inc the Skirmisher (level 5, -2/62 HPs)
             Began as an Ogre Hunter on June 27, 2018.
             Slain by a leopard gecko (4 damage)
             ... on level 3 of the Dungeon.
             The game lasted 00:04:57 (3183 turns).

inc the Skirmisher (Ogre Hunter)                    Turns: 3183, Time: 00:04:58

Health: -2/62      AC:  3    Str: 17    XL:     5   Next: 70%
Magic:  5/5        EV: 10    Int: 12    God:
Gold:   83         SH:  0    Dex:  9    Spells: 4/4 levels left

rFire    . . .     SeeInvis .   h - +0 dagger (curse)
rCold    . . .     Gourm    .   (no shield)
rNeg     . . .     Faith    .   b - +0 robe
rPois    .         Spirit   .   (helmet restricted)
rElec    .         Reflect  .   (no cloak)
rCorr    .         Harm     .   (gloves unavailable)
MR       .....                  (boots unavailable)
Stlth    +.........             (no amulet)
HPRegen  0.20/turn              (no ring)
MPRegen  0.09/turn              (no ring)

@: no status effects
A: large, unfitting armour, tough skin 1
a: no special abilities


You were on level 3 of the Dungeon.
You were hungry.

You visited 1 branch of the dungeon, and saw 3 of its levels.

You collected 83 gold pieces.

Inventory:

Hand Weapons
 a - a +0 short sword
 h - a cursed +0 dagger (weapon)
 o - a +0 whip
Missiles
 d - a throwing net (quivered)
 l - 6 needles of paralysis
Armour
 b - a +0 robe (worn)
Jewellery
 m - an uncursed ring of see invisible {unknown}
Scrolls
 e - 2 scrolls of identify
 j - a scroll of noise
Potions
 i - a potion of degeneration
Comestibles
 f - 5 rations


   Skills:
 + Level 7.6 Fighting
 - Level 4.0 Throwing
 - Level 1.7 Dodging
 - Level 0.6 Stealth


You had 4 spell levels left.
You didn't know any spells.
Your spell library was empty.

Dungeon Overview and Level Annotations

Branches:
Dungeon (3/15)

Altars:


Innate Abilities, Weirdness & Mutations

You are too large for most types of armour.
You have tough skin. (AC +1)


Message History

* * * LOW HITPOINT WARNING * * *
You closely miss Ijyb.
Ijyb is almost dead.
Ijyb barely misses you.
You hit Ijyb but do no damage.
Ijyb is almost dead.
Ijyb screams, "Me stronger than you!" Ijyb hits you with a club.
* * * LOW HITPOINT WARNING * * *
You closely miss Ijyb.
Ijyb is almost dead.
Ijyb hits you with a club.
* * * LOW HITPOINT WARNING * * *
You hit Ijyb.
Ijyb is almost dead.
You hit Ijyb.
You kill Ijyb!
You barely miss the leopard gecko. The leopard gecko barely misses you.
You closely miss the leopard gecko. The leopard gecko bites you.
You die...

#####.....# ##(..#.####
.....[....#. ###.....(....
#####.....#..##..........#
.....)...................#
###.###.#######..........
#.# #.# #.....# #.# #.#
##...###.## ###.#
#.##########(....... ..#.#
#.........@l.####.#. #.#.#
############## #.#.#######
#.........# ###.#######
#.# ###


You could see a leopard gecko.

Vanquished Creatures
  2 orc priests (D:2)
  Ijyb (D:3)
  Robin (D:2)
  3 adders (D:2)
  A worm (D:2)
  A dart slug (D:1)
  A leopard gecko (D:1)
  2 bats (D:2)
  4 giant cockroaches
  10 hobgoblins
  3 jackals (D:2)
  2 quokkas (D:2)
  4 ball pythons (D:1)
  2 frilled lizards
  13 goblins
  3 kobolds
  6 rats
59 creatures vanquished.

Notes
Turn   | Place    | Note
-------+----------+-------------------------------------------
     0 | D:1      | inc the Ogre Hunter began the quest for the Orb.
     0 | D:1      | Reached XP level 1. HP: 22/22 MP: 1/1
    72 | D:1      | Reached skill level 3 in Fighting
   280 | D:1      | Reached XP level 2. HP: 29/31 MP: 2/2
   408 | D:1      | Reached skill level 4 in Fighting
   815 | D:1      | Reached XP level 3. HP: 32/40 MP: 3/3
  1154 | D:2      | Reached skill level 5 in Fighting
  1154 | D:2      | Reached XP level 4. HP: 52/52 MP: 4/4
  1183 | D:2      | HP: 1/52 [orc priest/trident (12)]
  1184 | D:2      | Reached skill level 6 in Fighting
  1651 | D:2      | Reached XP level 5. HP: 27/61 MP: 5/5
  1707 | D:2      | Noticed Robin
  2676 | D:2      | Reached skill level 7 in Fighting
  2787 | D:2      | Killed Robin
  3093 | D:3      | Noticed Ijyb
  3176 | D:3      | HP: 3/62 [Ijyb/club (2)]
  3179 | D:3      | HP: 1/62 [Ijyb/club (2)]
  3181 | D:3      | Killed Ijyb
  3183 | D:3      | Slain by a leopard gecko

Vault maps used:
D:1:      eino_arrival_water_star
D:2:      first_ration, uniq_robin
D:3:      led_sif_book, overflow_temple_1_default, kennysheep_vampire_church,
          uniq_jessica, uniq_ijyb

Skill      XL: |  1  2  3  4  5 |
---------------+----------------+-----
Fighting       | 3 4 5 6 7 |  7.6
Throwing       | |  4.0
Dodging        | |  1.7
Stealth        | |  0.6

Action                   |  1- 3 |  4- 6 || total
-------------------------+-------+-------++-------
Melee: Dagger            |   123 |   209 ||   332
       Short sword       |     2 |       ||     2
Throw: Large rock        |     1 |    20 ||    21
       Throwing net      |       |     1 ||     1
  Use: Scroll            |       |     5 ||     5
 Stab: Sleeping          |     3 |     1 ||     4
  Eat: Chunk             |       |     7 ||     7
Armor: Robe              |    31 |    56 ||    87
Dodge: Dodged            |    63 |   109 ||   172

Table legend:
 A = Spawn XP
 B = Non-spawn XP
 C = Spawn XP percentage of total XP
 D = Spawn monster count
 E = Non-spawn monster count
 F = Spawn count percentage of total count
 G = Total turns spent on level
                    A         B        C        D         E        F      G
               +---------+---------+-------+---------+---------+-------+---------
         Total |       0 |     273 |   0.0 |       0 |      59 |   0.0 |  3183
               +---------+---------+-------+---------+---------+-------+---------
           D:1 |       0 |      41 |   0.0 |       0 |      24 |   0.0 |  1306
           D:2 |       0 |     194 |   0.0 |       0 |      33 |   0.0 |  1729
           D:3 |       0 |      38 |   0.0 |       0 |       2 |   0.0 |   148
               +---------+---------+-------+---------+---------+-------+---------
